Map: Jagannatha LE

Players

Андрейка

  • Race: Terran Terran
  • Spawn Location: 7:00

Daniela - Winner!

  • Race: Protoss Protoss
  • League: Gold
  • Spawn Location: 1:00

VOD

Have the link to the VOD?

Description

Time

  • Played on: Oct. 23, 2020, 8:44 a.m.
  • Length: 11:50
Show
View Real Time Build Order
Export as new Build Order

Андрейка Terran 

Build Orders:  

Get SALT Encoding   

  12  0:37  Command Center  
  12  0:41  SCV  
  13  0:53  SCV  
  14  1:15  Engineering Bay  
  14  1:27  SCV  
  14  1:31  Refinery  
  15  1:39  Supply Depot  
  15  1:44  Supply Depot  
  15  1:54  SCV  
  16  2:02  Refinery  
  16  2:07  Refinery  
  16  2:08  SCV  
  17  2:20  Supply Depot  
  17  2:28  SCV  
  19  2:46  Planetary Fortress  
  18  2:52  Barracks  
  18  2:54  SCV  
  19  3:06  SCV  
  20  3:13  Refinery  
  20  3:21  Planetary Fortress  
  20  3:28  SCV  
  21  3:38  Missile Turret  
  21  3:42  Barracks Tech Lab  
  17  4:07  Missile Turret  
  16  4:13  SCV  
  17  4:22  SCV  
  18  4:25  SCV  
  19  4:42  Marine  
  20  4:47  SCV  
  21  5:00  Marine  
  22  5:11  SCV, Factory  
  23  5:18  SCV  
  24  5:23  SCV  
  24  5:27  Marine  
  26  5:30  SCV  
  26  5:35  SCV  
  28  5:47  SCV  
  28  5:49  SCV  
  30  5:52  Supply Depot  
  30  6:00  Starport  
  30  6:01  Factory Reactor  
  30  6:06  SCV  
  30  6:09  SCV  
  32  6:21  SCV, Marine  
  34  6:26  SCV  
  35  6:33  SCV  
  35  6:36  Starport Tech Lab  
  36  6:41  Fusion Core  
  36  6:43  SCV  
  36  6:45  SCV  
  36  6:46  Widow Mine  
  40  6:55  SCV  
  40  6:58  Widow Mine  
  43  7:07  Widow Mine  
  43  7:08  Missile Turret  
  45  7:17  Factory  
  45  7:30  Missile Turret  
  45  7:42  Command Center, SCV  
  46  7:44  SCV  
  47  7:54  Missile Turret  
  47  8:04  Battlecruiser  
  53  8:07  Factory Tech Lab  
  53  8:18  Sensor Tower  
  53  8:22  SCV  
  53  8:25  SCV  
  56  8:34  SCV  
  56  8:35  Armory  
  56  8:37  SCV  
  56  8:40  Widow Mine x2  
  61  8:46  SCV  
  62  8:55  Orbital Command  
  62  9:03  Command Center  
  62  9:12  Missile Turret  
  62  9:21  Battlecruiser  
  68  9:26  Terran Vehicle And Ship Armor Level 1  
  68  9:34  Widow Mine  
  68  9:35  Widow Mine x2  
  68  9:37  Drilling Claws  
  74  9:42  Weapon Refit  
  74  10:03  Neosteel Armor  
  74  10:04  Command Center  
  74  10:37  Barracks  
  74  10:38  Barracks  
  73  10:52  Command Center  
Show
View Real Time Build Order
Export as new Build Order

Daniela Protoss - Winner!

Build Orders: Oracle Opening 

Get SALT Encoding   

  12  0:00  Probe  
  13  0:12  Probe  
  14  0:17  Pylon  
  14  0:24  Probe (Chrono Boost)  
  16  0:37  Probe (Chrono Boost)  
  16  0:39  Gateway  
  16  0:43  Probe (Chrono Boost)  
  16  0:49  Assimilator  
  17  0:52  Probe  
  18  1:04  Probe  
  19  1:12  Assimilator  
  19  1:16  Probe  
  20  1:28  Cybernetics Core, Probe  
  21  1:40  Probe  
  21  1:44  Pylon  
  22  1:52  Probe  
  23  2:04  Probe  
  23  2:07  Adept (Chrono Boost), Stargate  
  26  2:16  Probe  
  27  2:28  Probe  
  28  2:36  Nexus  
  29  2:48  Oracle (Chrono Boost)  
  31  3:03  Warp Gate  
  31  3:05  Pylon  
  31  3:21  Oracle (Chrono Boost)  
  31  3:23  Probe  
  35  3:30  Gateway  
  35  3:32  Gateway  
  35  3:35  Probe  
  36  3:47  Probe  
  37  3:51  Probe  
  38  4:05  Probe  
  38  4:06  Probe  
  40  4:11  Oracle  
  43  4:17  Probe  
  43  4:18  Probe  
  43  4:22  Stargate  
  45  4:30  Probe x2  
  47  4:42  Probe  
  48  4:48  Oracle, Probe  
  52  4:54  Nexus, Probe  
  52  4:55  Assimilator  
  52  4:57  Assimilator  
  53  5:00  Twilight Council, Probe  
  54  5:12  Pylon  
  54  5:14  Pylon  
  54  5:22  Pylon  
  54  5:32  Twilight Council  
  54  5:33  Probe  
  55  5:41  Probe, Protoss Air Weapons Level 1  
  56  5:49  Fleet Beacon, Probe  
  57  5:57  Probe  
  57  6:00  Pylon  
  58  6:07  Probe  
  58  6:10  Forge  
  58  6:11  Templar Archives, Forge  
  59  6:12  Probe  
  59  6:15  Probe  
  59  6:18  Pylon  
  61  6:19  Probe  
  61  6:20  Pylon  
  61  6:23  Charge  
  62  6:30  Probe x2  
  64  6:34  Tempest  
  64  6:38  Probe  
  70  6:42  Probe x2  
  72  6:50  Probe  
  73  6:58  Protoss Ground Weapons Level 1 (Chrono Boost)  
  73  7:00  Probe  
  74  7:02  Carrier  
  74  7:07  Probe x2  
  82  7:11  Assimilator  
  82  7:12  Probe  
  82  7:15  Assimilator  
  83  7:19  Probe x2  
  83  7:20  Tempest  
  90  7:24  Nexus, Probe  
  90  7:26  Psionic Storm  
  91  7:38  Pylon  
  91  7:39  Probe  
  91  7:40  Pylon  
  92  7:50  Zealot  
  92  7:51  Zealot x2  
  98  7:59  Gateway  
  98  8:00  Gateway  
  98  8:03  Probe  
  98  8:04  Gateway x2  
  99  8:06  Gateway  
  99  8:07  Gateway  
  99  8:10  Gateway  
  99  8:12  Tempest  
  104  8:18  Protoss Ground Armor Level 1 (Chrono Boost)  
  104  8:20  Assimilator  
  104  8:25  Assimilator  
  104  8:32  Probe x2  
  104  8:33  Probe  
  104  8:52  Mothership (Chrono Boost)  
  112  8:57  Tempest x2  
  112  9:00  High Templar x2  
  112  9:02  Zealot  
  128  9:03  Zealot x4  
  136  9:34  Pylon  
  136  9:35  Stargate  
  136  9:36  Pylon  
  136  9:38  Stargate  
  136  9:39  Pylon  
  136  9:41  Pylon  
  136  9:44  Pylon x2  
  136  9:45  Pylon  
  136  9:46  Pylon  
  136  9:50  Pylon  
  136  9:54  Pylon  
  136  10:01  Stalker x6  
  146  10:29  High Templar  
  146  10:30  High Templar x7  
  146  10:35  Nexus  
Tags
 
League
Gold
Matchup
PvT
Spawn Locations
Cross Positions
Add a new tag
Caveats
  • Supply blocks, unpowered buildings, or Contaminate may cause inaccurate times.
  • Supply counts are checked every 10 seconds.